 Dungeon Crawl Stone Soup version 0.21.1-1-g345015f (webtiles) character file.

610 tidbits the Charmwright (level 7, -1/54 (56) HPs)
             Began as a Gnoll Skald on June 27, 2018.
             Was an Initiate of Cheibriados.
             Slain by a necrophage (7 damage)
             ... on level 6 of the Dungeon.
             The game lasted 00:09:25 (1011 turns).

tidbits the Charmwright (Gnoll Skald)               Turns: 1011, Time: 00:09:26

HP:   -1/54 (56)    AC:  3    Str: 14    XL:     7   Next: 43%
MP:   0/15          EV: 15    Int: 18    God:    Cheibriados [......]
Gold: 176           SH:  0    Dex: 16    Spells: 6/17 levels left

rFire    + . .     SeeInvis .   a - +0 hand axe
rCold    + . .     Gourm    .   (no shield)
rNeg     . . .     Faith    .   b - +0 leather armour
rPois    +         Spirit   .   (no helmet)
rElec    +         Reflect  .   (no cloak)
rCorr    +         Harm     .   (no gloves)
MR       .....                  (no boots)
Stlth    ++........             (no amulet)
HPRegen  0.00/turn              (no ring)
MPRegen  0.14/turn              (no ring)

@: resistant, singing, non-regenerating, badly diseased, very slow
A: distributed training, fangs 1, strong nose
a: Bend Time, Renounce Religion


You were on level 6 of the Dungeon.
You worshipped Cheibriados.
Cheibriados was noncommittal.
You were not hungry.

You visited 2 branches of the dungeon, and saw 7 of its levels.

You collected 176 gold pieces.

Inventory:

Hand Weapons
 a - a +0 hand axe (weapon)
 f - a cursed -2 dagger
 k - a +0 quarterstaff
 s - a +2 dagger of draining
   (You took it off a kobold on level 3 of the Dungeon)
Missiles
 i - a javelin (quivered)
 r - 42 arrows
 w - 22 sling bullets
Armour
 b - a +0 leather armour (worn)
 v - a +0 ring mail
Magical Staves
 q - an uncursed staff of air {unknown}
   (You found it on level 4 of the Dungeon)
Wands
 h - a wand of polymorph (17)
 y - a wand of random effects (38)
Scrolls
 e - a scroll of fog {unknown}
 l - a scroll of blinking {unknown}
 o - 2 scrolls of teleportation {unknown}
 t - a scroll of enchant weapon
 u - 4 scrolls of remove curse
 x - a scroll of fear
Potions
 j - a potion of haste
 p - a potion of berserk rage {unknown}
 z - a potion of degeneration {unknown}
 A - a potion of might
Books
 d - a book of Battle

   Spells                             Type                      Level
   a - Infusion                       Charms                       1
   b - Shroud of Golubria             Charms/Translocation         2
   c - Song of Slaying                Charms                       2
   d - Spectral Weapon                Hexes/Charms                 3
   e - Regeneration                   Charms/Necromancy            3
Comestibles
 c - 7 rations


   Skills:
 + Level 5.2 Fighting
 + Level 2.4 Short Blades
 + Level 2.4 Long Blades
 + Level 5.2 Axes
 + Level 2.4 Maces & Flails
 + Level 2.4 Polearms
 + Level 2.4 Staves
 + Level 2.4 Slings
 + Level 2.4 Bows
 + Level 2.4 Crossbows
 + Level 2.4 Throwing
 + Level 3.6 Armour
 + Level 5.2 Dodging
 + Level 2.4 Stealth
 + Level 2.4 Shields
 + Level 2.4 Unarmed Combat
 + Level 5.6 Spellcasting
 + Level 2.0 Conjurations
 + Level 2.0 Hexes
 + Level 5.8 Charms
 + Level 2.0 Summonings
 + Level 2.0 Necromancy
 + Level 2.0 Translocations
 + Level 2.0 Transmutations
 + Level 2.0 Fire Magic
 + Level 2.0 Ice Magic
 + Level 2.0 Air Magic
 + Level 2.0 Earth Magic
 + Level 2.0 Poison Magic
 + Level 2.7 Invocations
 + Level 2.4 Evocations


You had 6 spell levels left.
You knew the following spells:

 Your Spells              Type           Power        Failure   Level  Hunger
g - Shroud of Golubria    Chrm/Tloc      ###.......   4%          2    None
i - Infusion              Chrm           ####         1%          1    None
r - Regeneration          Chrm/Necr      ###.......   9%          3    ##.....
w - Spectral Weapon       Hex/Chrm       ###.....     9%          3    ##.....
y - Song of Slaying       Chrm           ####....     1%          2    None


Dungeon Overview and Level Annotations

Branches:
Dungeon (6/15)             Temple (1/1) D:5

Altars:
Ashenzari
Cheibriados
Dithmenos
Fedhas
Makhleb
Qazlal
Trog
Uskayaw
Wu Jian
Xom
Zin
The Shining One


Innate Abilities, Weirdness & Mutations

Your experience applies equally to all skills.
You have very sharp teeth.
Your uncanny sense of smell can sniff out nearby items.


Message History

You hear a shout!
You hear a shout!
An orc comes into view.
Evoke which item? (* to show all) (? for menu, Esc to quit)
Okay, then.
An orc comes into view. It is wielding a falchion.
Casting: Song of Slaying
Confirm with . or Enter, or press ? or * to list all spells.
You draw out your weapon's spirit!
The rat misses you.
An orc wizard comes into view. It is wielding a dagger.
You hit the rat but do no damage.
The giant cockroach bites your spectral weapon but does no damage.
Your spectral weapon closely misses the rat.
Your spectral weapon closely misses the giant cockroach.
The rat barely misses you.
You slash the rat!
You kill the rat!
Cheibriados appreciates the change of pace.
The giant cockroach bites your spectral weapon.
The ice beast hits your spectral weapon but does no damage.
The necrophage completely misses your spectral weapon.
An orc comes into view. It is wielding a mace.
You hit the giant cockroach.
The giant cockroach is almost dead.
You hit the ice beast but do no damage.
Your spectral weapon hits the giant cockroach!
You kill the giant cockroach!
Cheibriados thoroughly appreciates the change of pace.
Your spectral weapon hits the ice beast but does no damage.
The ice beast barely misses you.
You hit the ice beast but do no damage.
Your spectral weapon hits the ice beast.
Your spectral weapon closely misses the necrophage.
The necrophage hits your spectral weapon.
Your spectral weapon shares its damage with you!
The ice beast barely misses you.
You hit the ice beast but do no damage.
The ice beast is lightly wounded.
Your spectral weapon hits the ice beast.
Your spectral weapon hits the necrophage.
The orc wizard mumbles some strange words.
The orc wizard blinks!
The necrophage hits your spectral weapon.
Your spectral weapon shares its damage with you!
The ice beast closely misses you.
You slash the ice beast!
The ice beast is heavily wounded.
Your spectral weapon closely misses the ice beast.
Your spectral weapon misses the necrophage.
The necrophage closely misses your spectral weapon.
The ice beast hits you. The ice beast freezes you!
* * * LOW HITPOINT WARNING * * *
You hit the ice beast but do no damage.
The ice beast is heavily wounded.
Your spectral weapon closely misses the ice beast.
Your spectral weapon hits the necrophage!
The necrophage hits your spectral weapon.
Your spectral weapon shares its damage with you!
* * * LOW HITPOINT WARNING * * *
The ice beast hits you.
* * * LOW HITPOINT WARNING * * *
The ice beast freezes you!
* * * LOW HITPOINT WARNING * * *
You slash the ice beast!
The ice beast is almost dead.
Your spectral weapon closely misses the ice beast.
Your spectral weapon closely misses the necrophage.
The necrophage hits your spectral weapon.
Your spectral weapon shares its damage with you!
Your spectral weapon fades away.
* * * LOW HITPOINT WARNING * * *
The ice beast closely misses you.
You completely miss the ice beast.
The ice beast is almost dead.
The ice beast misses you. The necrophage hits you.
* * * LOW HITPOINT WARNING * * *
You feel your flesh rotting away!
You hit the ice beast.
The ice beast is almost dead.
You closely miss the necrophage. The ice beast barely misses you.
The necrophage hits you.
* * * LOW HITPOINT WARNING * * *
You feel ill.
You feel your flesh rotting away!
You closely miss the ice beast.
The ice beast is almost dead.
You hit the necrophage. The ice beast closely misses you.
The necrophage closely misses you.
Unknown command.
It was a potion of resistance.
You feel protected. The ice beast barely misses you.
The necrophage closely misses you.
Casting: Spectral Weapon
Confirm with . or Enter, or press ? or * to list all spells.
You draw out your weapon's spirit!
The orc barely misses you. The ice beast hits you.
* * * LOW HITPOINT WARNING * * *
The ice beast freezes you. You resist.
* * * LOW HITPOINT WARNING * * *
The necrophage hits you!
You die...

..###..........###.#
∆ #.. #..........#
#.# #..............#
#.#
...........#######.##
.###########.......#
#.......# #.(.....#
#...oo..# ####@no.#
##Yo.# #...# ♣.....
........ ...........
...≈≈≈......
...≈≈≈≈≈.....
....≈≈♣≈≈.....


You could see an ice beast, a necrophage, an orc wizard, 3 orcs and a friendly
spectral hand axe.

Vanquished Creatures
  A centaur (D:5)
  A tengu (D:4)
  A bullfrog (D:6)
  3 crimson imps
  A centaur skeleton (D:4)
  A bullfrog skeleton (D:4)
  2 worker ants
  3 orc wizards (D:5)
  A hound skeleton (D:4)
  2 adders (D:3)
  An adder skeleton (D:4)
  A worm (D:3)
  A dart slug (D:2)
  5 leopard geckos
  5 orcs
  A bat (D:3)
  3 giant cockroaches
  4 goblins
  2 hobgoblins
  7 jackals
  4 quokkas
  3 frilled lizards
  3 kobolds
  7 rats
63 creatures vanquished.

Vanquished Creatures (others)
  2 spectral weapons
2 creatures vanquished.

Grand Total: 65 creatures vanquished

Notes
Turn   | Place    | Note
-------+----------+-------------------------------------------
     0 | D:1      | tidbits the Gnoll Skald began the quest for the Orb.
     0 | D:1      | Reached XP level 1. HP: 20/20 MP: 6/6
    83 | D:3      | Reached XP level 2. HP: 26/26 MP: 7/7
    87 | D:3      | Learned a level 2 spell: Song of Slaying
    90 | D:3      | Learned a level 2 spell: Shroud of Golubria
   182 | D:3      | Reached XP level 3. HP: 31/31 MP: 6/9
   187 | D:3      | Learned a level 3 spell: Regeneration
   191 | D:3      | Learned a level 3 spell: Spectral Weapon
   208 | D:3      | Reached skill level 5 in Spellcasting
   212 | D:3      | Reached skill level 1 in Invocations
   382 | D:3      | Reached skill level 1 in Short Blades
   382 | D:3      | Reached skill level 1 in Long Blades
   382 | D:3      | Reached skill level 1 in Maces & Flails
   382 | D:3      | Reached skill level 1 in Polearms
   382 | D:3      | Reached skill level 1 in Staves
   382 | D:3      | Reached skill level 1 in Slings
   382 | D:3      | Reached skill level 1 in Bows
   382 | D:3      | Reached skill level 1 in Crossbows
   382 | D:3      | Reached skill level 1 in Throwing
   382 | D:3      | Reached skill level 1 in Stealth
   382 | D:3      | Reached skill level 1 in Shields
   382 | D:3      | Reached skill level 1 in Unarmed Combat
   382 | D:3      | Reached skill level 1 in Evocations
   419 | D:3      | Reached XP level 4. HP: 35/38 MP: 4/11
   514 | D:4      | Found an ornate altar of the Wu Jian Council.
   544 | D:5      | Entered Level 5 of the Dungeon
   584 | D:4      | Reached skill level 1 in Conjurations
   584 | D:4      | Reached skill level 1 in Hexes
   584 | D:4      | Reached skill level 1 in Summonings
   584 | D:4      | Reached skill level 1 in Necromancy
   584 | D:4      | Reached skill level 1 in Translocations
   584 | D:4      | Reached skill level 1 in Transmutations
   584 | D:4      | Reached skill level 1 in Fire Magic
   584 | D:4      | Reached skill level 1 in Ice Magic
   584 | D:4      | Reached skill level 1 in Air Magic
   584 | D:4      | Reached skill level 1 in Earth Magic
   584 | D:4      | Reached skill level 1 in Poison Magic
   598 | D:4      | Reached XP level 5. HP: 35/43 MP: 3/12
   614 | D:4      | Noticed a tengu
   614 | D:4      | a scorpion changed into a tengu
   622 | D:4      | Killed a tengu
   622 | D:4      | Reached skill level 3 in Armour
   637 | D:4      | Reached XP level 6. HP: 18/50 MP: 0/13
   663 | D:4      | Reached skill level 2 in Invocations
   783 | D:5      | Reached skill level 5 in Fighting
   783 | D:5      | Reached skill level 5 in Axes
   783 | D:5      | Reached skill level 5 in Dodging
   797 | D:5      | Reached skill level 2 in Short Blades
   797 | D:5      | Reached skill level 2 in Long Blades
   797 | D:5      | Reached skill level 2 in Maces & Flails
   797 | D:5      | Reached skill level 2 in Polearms
   797 | D:5      | Reached skill level 2 in Staves
   797 | D:5      | Reached skill level 2 in Slings
   797 | D:5      | Reached skill level 2 in Bows
   797 | D:5      | Reached skill level 2 in Crossbows
   797 | D:5      | Reached skill level 2 in Throwing
   797 | D:5      | Reached skill level 2 in Stealth
   797 | D:5      | Reached skill level 2 in Shields
   797 | D:5      | Reached skill level 2 in Unarmed Combat
   797 | D:5      | Reached skill level 2 in Evocations
   819 | D:5      | HP: 2/51 [something/magic dart (9)]
   826 | D:5      | Found a staircase to the Ecumenical Temple.
   837 | Temple   | Entered the Ecumenical Temple
   842 | Temple   | Became a worshipper of Cheibriados the Contemplative
   893 | D:5      | Reached XP level 7. HP: 12/56 MP: 1/15
   927 | D:6      | Found a shadowy altar of Dithmenos.
   960 | D:6      | Found a shimmering altar of Xom.
   960 | D:6      | Found a burning altar of Makhleb.
   974 | D:6      | Reached skill level 2 in Conjurations
   974 | D:6      | Reached skill level 2 in Hexes
   974 | D:6      | Reached skill level 2 in Summonings
   974 | D:6      | Reached skill level 2 in Necromancy
   974 | D:6      | Reached skill level 2 in Translocations
   974 | D:6      | Reached skill level 2 in Transmutations
   974 | D:6      | Reached skill level 2 in Fire Magic
   974 | D:6      | Reached skill level 2 in Ice Magic
   974 | D:6      | Reached skill level 2 in Air Magic
   974 | D:6      | Reached skill level 2 in Earth Magic
   974 | D:6      | Reached skill level 2 in Poison Magic
  1011 | D:6      | Slain by a necrophage

Skill      XL: |  1  2  3  4  5  6  7 |
---------------+----------------------+-----
Spellcasting   | 5 |  5.6
Invocations    | 1 2 |  2.7
Short Blades   | 1 2 |  2.4
Long Blades    | 1 2 |  2.4
Maces & Flails | 1 2 |  2.4
Polearms       | 1 2 |  2.4
Staves         | 1 2 |  2.4
Slings         | 1 2 |  2.4
Bows           | 1 2 |  2.4
Crossbows      | 1 2 |  2.4
Throwing       | 1 2 |  2.4
Stealth        | 1 2 |  2.4
Shields        | 1 2 |  2.4
Unarmed Combat | 1 2 |  2.4
Evocations     | 1 2 |  2.4
Conjurations   | 1 2 |  2.0
Hexes          | 1 2 |  2.0
Summonings     | 1 2 |  2.0
Necromancy     | 1 2 |  2.0
Translocations | 1 2 |  2.0
Transmutations | 1 2 |  2.0
Fire Magic     | 1 2 |  2.0
Ice Magic      | 1 2 |  2.0
Air Magic      | 1 2 |  2.0
Earth Magic    | 1 2 |  2.0
Poison Magic   | 1 2 |  2.0
Armour         | 3 |  3.6
Fighting       | 5 |  5.2
Axes           | 5 |  5.2
Dodging        | 5 |  5.2
Charms         | |  5.8

Action                   |  1- 3 |  4- 6 |  7- 9 || total
-------------------------+-------+-------+-------++-------
Melee: Hand axe          |    52 |    69 |    11 ||   132
       Bite              |     1 |     8 |       ||     9
       Dagger            |       |    10 |     4 ||    14
       Punch             |       |     1 |       ||     1
       Quarterstaff      |       |       |     6 ||     6
Throw: Javelin           |     8 |     1 |       ||     9
 Cast: Infusion          |     1 |       |       ||     1
       Song of Slaying   |     6 |     6 |     1 ||    13
       Shroud of Golubri |     1 |     2 |       ||     3
       Spectral Weapon   |     4 |     7 |     4 ||    15
       Regeneration      |       |     3 |     2 ||     5
Evoke: Wand              |       |     4 |       ||     4
  Use: Potion            |       |     4 |     1 ||     5
       Scroll            |       |     2 |     2 ||     4
 Stab: Sleeping          |       |       |     2 ||     2
  Eat: Ration            |       |     1 |       ||     1
Armor: Leather armour    |    10 |    12 |       ||    22
Dodge: Dodged            |    29 |    48 |    20 ||    97

Table legend:
 A = Turns spent in this place as a percentage of turns spent in the entire game.
 B = Non-inter-level travel turns spent in this place as a percentage of non-inter-level travel turns spent in the entire game.
 C = Inter-level travel turns spent in this place as a percentage of turns spent in this place.
 D = Turns resting spent in this place as a percentage of non-inter-level travel turns spent in this place.
 E = Turns spent auto-exploring this place as a percentage of non-inter-level travel turns spent in this place.
 F = Non-inter-level travel turns spent in this place divided by the number of levels of this place that you've seen.
                   A       B       C       D       E      F
               +-------+-------+-------+-------+-------+----------------------
         Total | 100.0 | 100.0 |   2.1 |   0.0 |   0.0 | 141.4
       Dungeon |  98.7 |  98.7 |   2.1 |   0.0 |   0.0 | 162.8
        Temple |   1.3 |   1.3 |   0.0 |   0.0 |   0.0 |  13.0
               +-------+-------+-------+-------+-------+----------------------

Table legend:
 A = Kills in this place as a percentage of kills in entire the game.
 B = Kills by you in this place as a percentage of kills by you in the entire game.
 C = Kills by friends in this place as a percentage of kills by friends in the entire game.
 D = Other kills in this place as a percentage of other kills in the entire game.
 E = Experience gained in this place as a percentage of experience gained in the entire game.
 F = Experience gained in this place divided by the number of levels of this place that you have seen.
                   A       B       C       D       E      F
               +-------+-------+-------+-------+-------+----------------------
         Total | 100.0 | 100.0 |   N/A |   N/A | 100.0 | 124.6
       Dungeon | 100.0 | 100.0 |   N/A |   N/A | 100.0 | 145.3
               +-------+-------+-------+-------+-------+----------------------

Vault maps used:
D:1:      shiori_angband_town, palyth_stone_intersect, minivault_24
D:2:      first_ration
D:3:      lemuel_zombie_altar_kikubaaqudgha, bh_chokoban
D:4:      nicolae_overflow_crystal_walls, lemuel_blue_sif_altar
D:5:      lemuel_crystal_altar, minmay_temple_entry_water_ring, corexii_shack,
          uniq_ijyb
D:6:      grunt_temple_overflow_champion_of_chaos, elyvilon_altar_3,
          nicolae_dithmenos_shadow_blocks, nemelex_altar_shiori, uniq_eustachio,
          uniq_sigmund
Temple:   cyrus_circular_temple
